AA
BAR HARBOR ISLANDERS @ SAN DIEGO DOLPHINS
09/01/2059
 
TOP OF THE 1ST
Bar Harbor Islanders batting - Pitching for San Diego Dolphins : RHP Erick Morrissey
Pitching: RHP Erick Morrissey
Batting: RHB Liam Walker 0-0: Foul Ball, location: 2F
0-1: Ball
1-1: Swinging Strike
1-2: Ball
2-2: Ball
3-2: Strikes out looking
Batting: RHB Chance Maki 0-0: Ball
1-0: Foul Ball, location: 2F
1-1: Called Strike
1-2: Foul Ball, location: 2F
1-2: Ball
2-2: Foul Ball, location: 2F
2-2: SINGLE (Groundball, 6MD, EV 95.6 MPH)
Batting: LHB Jeremy Morrell 0-0: Ball
1-0: Foul Ball, location: 2F
1-1: Ball
2-1: DOUBLE (Line Drive, 9LS, EV 100.6 MPH)
Chance Maki to third
Runner from 3rd tries for Home, SAFE, throw by RF to home
Batting: LHB Quince Azariev 0-0: Ball
1-0: Called Strike
1-1: Foul Ball, location: 2F
1-2: Ball
2-2: Ground out U3 (Groundball, 3L, EV 78.1 MPH)
Jeremy Morrell to third
Batting: LHB Gibson Frantz 0-0: Called Strike
0-1: Ball
1-1: Ball
2-1: Ball
3-1: Foul Ball, location: 2F
3-2: Foul Ball, location: 2F
3-2: Fly out, F9 (Line Drive, 9S, EV 93.1 MPH)
Top of the 1st over - 1 run, 2 hits, 0 errors, 1 left on base; Bar Harbor 1 - San Diego 0
BOTTOM OF THE 1ST
San Diego Dolphins batting - Pitching for Bar Harbor Islanders : RHP Joshua Businelle
Pitching: RHP Joshua Businelle
Batting: RHB John Williams 0-0: Ball
1-0: Ball
2-0: Called Strike
2-1: Swinging Strike
2-2: Ball
3-2: Base on Balls
Batting: LHB Furman Auerbach 0-0: Called Strike
0-1: Called Strike
0-2: Strikes out swinging
Batting: RHB Gage Haislip 0-0: Ball
1-0: Ball
2-0: Fly out, F9 (Line Drive, 9, EV 106.9 MPH)
Batting: LHB Randall Darby 0-0: Ball
1-0: Foul Ball, location: 2F
1-1: Called Strike
John Williams steals 2nd base
1-2: SINGLE (Groundball, 34D, EV 99.4 MPH)
John Williams to third
Runner from 3rd tries for Home, SAFE, throw by RF to home
Batting: RHB Keyshawn Murata 0-0: Ball
1-0: Ball
2-0: Fielders Choice at 2nd, 5-4 (Groundball, 5, EV 86.2 MPH)
Bottom of the 1st over - 1 run, 1 hit, 0 errors, 1 left on base; Bar Harbor 1 - San Diego 1
TOP OF THE 2ND
Bar Harbor Islanders batting - Pitching for San Diego Dolphins : RHP Erick Morrissey
Batting: SHB Art Villani 0-0: Called Strike
0-1: Ball
1-1: Ball
2-1: Foul Ball, location: 2F
2-2: SINGLE (Groundball, 4D, EV 95.6 MPH)
Batting: RHB Jaxon King 0-0: DOUBLE (Line Drive, 9LD, EV 106.2 MPH)
Art Villani to third
Batting: RHB Gaven Robinson 0-0: Ball
1-0: Swinging Strike
1-1: Swinging Strike
1-2: Ball
2-2: SINGLE (Line Drive, 78S, EV 97.5 MPH)
Art Villani scores
Jaxon King to third
Runner from 3rd tries for Home, SAFE, throw by CF to home
Batting: RHB Tim McClure 0-0: Grounds into double play, 5-4-3 (Groundball, 5L, EV 96.9 MPH)
Batting: RHB Liam Walker 0-0: Called Strike
0-1: Called Strike
0-2: Strikes out looking
Top of the 2nd over - 2 runs, 3 hits, 0 errors, 0 left on base; Bar Harbor 3 - San Diego 1
BOTTOM OF THE 2ND
San Diego Dolphins batting - Pitching for Bar Harbor Islanders : RHP Joshua Businelle
Batting: LHB Darik Colvin 0-0: Ball
1-0: SINGLE (Line Drive, 8RS, EV 100.6 MPH)
Batting: RHB Blake Glover 0-0: Ball
1-0: Ball
2-0: Foul Ball, location: 2F
2-1: DOUBLE (Line Drive, 9LD, EV 101.9 MPH)
Darik Colvin to third
Batting: RHB Collin Murphy 0-0: Fly out, F9 (Line Drive, 89D, EV 104.4 MPH)
Runner from 3rd tags up, SCORES, no throw by RF
Blake Glover to third
Batting: RHB Hunter Cooper 0-0: Swinging Strike
0-1: Foul Ball, location: 2F
0-2: Ball
1-2: Foul Ball, location: 2F
1-2: Ground out 3-1 (Groundball, 34, EV 88.1 MPH)
Blake Glover scores
Batting: RHB John Williams 0-0: Called Strike
0-1: Ball
1-1: Swinging Strike
1-2: Strikes out swinging
Bottom of the 2nd over - 2 runs, 2 hits, 0 errors, 0 left on base; Bar Harbor 3 - San Diego 3
TOP OF THE 3RD
Bar Harbor Islanders batting - Pitching for San Diego Dolphins : RHP Erick Morrissey
Batting: RHB Chance Maki 0-0: Ball
1-0: Ball
2-0: Called Strike
2-1: Foul Ball, location: 2F
2-2: Foul Ball, location: 2F
2-2: Strikes out swinging
Batting: LHB Jeremy Morrell 0-0: Ball
1-0: Ball
2-0: Called Strike
2-1: Ball
3-1: Base on Balls
Batting: LHB Quince Azariev 0-0: Ball
1-0: Ball
2-0: Called Strike
2-1: Ball
3-1: Base on Balls
Jeremy Morrell to second
Batting: LHB Gibson Frantz 0-0: Ball
1-0: Foul Ball, location: 2F
1-1: Called Strike
1-2: Ball
2-2: Strikes out looking
Batting: SHB Art Villani 0-0: 3-RUN HOME RUN (Flyball, 9LD, EV 94.4 MPH), Distance : 354 ft
Pitching: RHP Caron Diaz
Batting: RHB Jaxon King 0-0: SINGLE (Line Drive, 9LM, EV 106.9 MPH)
Batting: RHB Gaven Robinson 0-0: Called Strike
0-1: Called Strike
0-2: Ball
1-2: Strikes out looking
Top of the 3rd over - 3 runs, 2 hits, 0 errors, 1 left on base; Bar Harbor 6 - San Diego 3
BOTTOM OF THE 3RD
San Diego Dolphins batting - Pitching for Bar Harbor Islanders : RHP Joshua Businelle
Batting: LHB Furman Auerbach 0-0: Called Strike
0-1: SINGLE (Groundball, 56D, EV 111.2 MPH)
Batting: RHB Gage Haislip 0-0: Called Strike
Furman Auerbach is caught stealing 2nd base 2-4
0-1: Foul Ball, location: 2F
0-2: Foul Ball, location: 2F
0-2: Fly out, F9 (Flyball, 9LSF, EV 88.8 MPH)
Batting: LHB Randall Darby 0-0: Ball
1-0: SINGLE (Groundball, 4MD, EV 95.6 MPH)
Batting: RHB Keyshawn Murata 0-0: Ball
1-0: Swinging Strike
1-1: Swinging Strike
1-2: Ball
2-2: Fly out, F7 (Flyball, 78M, EV 84.4 MPH)
Bottom of the 3rd over - 0 runs, 2 hits, 0 errors, 1 left on base; Bar Harbor 6 - San Diego 3
TOP OF THE 4TH
Bar Harbor Islanders batting - Pitching for San Diego Dolphins : RHP Caron Diaz
Batting: RHB Tim McClure 0-0: Swinging Strike
0-1: Ball
1-1: Foul Ball, location: 2F
1-2: Ball
2-2: Foul Ball, location: 2F
2-2: Ground out 6-3 (Groundball, 6, EV 76.9 MPH)
Batting: RHB Liam Walker 0-0: Called Strike
0-1: Fly out, F4 (Line Drive, 4, EV 67.5 MPH)
Batting: RHB Chance Maki 0-0: Ball
1-0: Ball
2-0: Ball
3-0: Called Strike
3-1: Called Strike
3-2: Strikes out swinging
Top of the 4th over - 0 runs, 0 hits, 0 errors, 0 left on base; Bar Harbor 6 - San Diego 3
BOTTOM OF THE 4TH
San Diego Dolphins batting - Pitching for Bar Harbor Islanders : RHP Joshua Businelle
Batting: LHB Darik Colvin 0-0: Foul Ball, location: 2F
0-1: Called Strike
0-2: Ground out U3 (Groundball, 34S, EV 89.4 MPH)
Batting: RHB Blake Glover 0-0: Foul Ball, location: 2F
0-1: Ball
1-1: Foul Ball, location: 2F
1-2: Fly out, F8 (Flyball, 89M, EV 93.1 MPH)
Batting: RHB Collin Murphy 0-0: Called Strike
0-1: Fly out, F7 (Flyball, 7, EV 84.4 MPH)
Bottom of the 4th over - 0 runs, 0 hits, 0 errors, 0 left on base; Bar Harbor 6 - San Diego 3
TOP OF THE 5TH
Bar Harbor Islanders batting - Pitching for San Diego Dolphins : RHP Caron Diaz
Batting: LHB Jeremy Morrell 0-0: Ball
1-0: SOLO HOME RUN (Flyball, 78XD, EV 109.4 MPH), Distance : 411 ft
Batting: LHB Quince Azariev 0-0: Called Strike
0-1: Ball
1-1: Foul Ball, location: 2F
1-2: Strikes out swinging
Batting: LHB Gibson Frantz 0-0: Ground out 6-3 (Groundball, 6, EV 80.0 MPH)
Batting: SHB Art Villani 0-0: Swinging Strike
0-1: Ball
1-1: Ball
2-1: Foul Ball, location: 2F
2-2: Strikes out swinging
Top of the 5th over - 1 run, 1 hit, 0 errors, 0 left on base; Bar Harbor 7 - San Diego 3
BOTTOM OF THE 5TH
San Diego Dolphins batting - Pitching for Bar Harbor Islanders : RHP Joshua Businelle
Batting: RHB Hunter Cooper 0-0: Fly out, F9 (Flyball, 9, EV 87.5 MPH)
Pitching: LHP Brock Luger
Batting: RHB John Williams 0-0: Called Strike
0-1: SINGLE (Groundball, 6MD, EV 106.2 MPH)
Batting: LHB Furman Auerbach 0-0: Ball
1-0: Fly out, F8 (Flyball, 8RM, EV 98.1 MPH)
Batting: RHB Gage Haislip 0-0: Called Strike
0-1: Swinging Strike
0-2: Ground out 4-3 (Groundball, 34S, EV 92.5 MPH)
Bottom of the 5th over - 0 runs, 1 hit, 0 errors, 1 left on base; Bar Harbor 7 - San Diego 3
TOP OF THE 6TH
Bar Harbor Islanders batting - Pitching for San Diego Dolphins : RHP Caron Diaz
Batting: RHB Jaxon King 0-0: Ball
1-0: SINGLE (Groundball, 56S, EV 76.9 MPH) (infield hit)
Batting: RHB Gaven Robinson 0-0: Sac Bunt to 23 - play at first, batter OUT! 3-4
Jaxon King to second
Batting: RHB Tim McClure 0-0: Ball
1-0: Swinging Strike
1-1: Ball
Jaxon King is caught stealing 3rd base 2-5
2-1: Called Strike
2-2: Fly out, F8 (Flyball, 89D, EV 103.1 MPH)
Top of the 6th over - 0 runs, 1 hit, 0 errors, 0 left on base; Bar Harbor 7 - San Diego 3
BOTTOM OF THE 6TH
San Diego Dolphins batting - Pitching for Bar Harbor Islanders : LHP Brock Luger
Batting: LHB Randall Darby 0-0: Foul Ball, location: 2F
0-1: Swinging Strike
0-2: Ball
1-2: Foul Ball, location: 2F
1-2: Strikes out looking
Batting: RHB Keyshawn Murata 0-0: Ball
1-0: Ball
2-0: Ball
3-0: Called Strike
3-1: Fly out, F6 (Line Drive, 6M, EV 81.2 MPH)
Batting: LHB Darik Colvin 0-0: Called Strike
0-1: Swinging Strike
0-2: SINGLE (Line Drive, 78S, EV 91.9 MPH)
Batting: RHB Blake Glover 0-0: Ball
1-0: Called Strike
1-1: Ball
2-1: Swinging Strike
2-2: Strikes out swinging
Bottom of the 6th over - 0 runs, 1 hit, 0 errors, 1 left on base; Bar Harbor 7 - San Diego 3
TOP OF THE 7TH
Bar Harbor Islanders batting - Pitching for San Diego Dolphins : RHP Caron Diaz
Batting: RHB Liam Walker 0-0: Ball
1-0: Swinging Strike
1-1: Fly out, F7 (Flyball, 7, EV 91.9 MPH)
Batting: RHB Chance Maki 0-0: Ball
1-0: Fly out, F9 (Flyball, 9D, EV 90.6 MPH)
Batting: LHB Jeremy Morrell 0-0: Ball
1-0: Called Strike
1-1: Called Strike
1-2: Ball
2-2: Ball
3-2: Foul Ball, location: 2F
3-2: Base on Balls
Batting: LHB Quince Azariev 0-0: Ball
1-0: Fly out, F9 (Flyball, 89M, EV 85.0 MPH)
Top of the 7th over - 0 runs, 0 hits, 0 errors, 1 left on base; Bar Harbor 7 - San Diego 3
BOTTOM OF THE 7TH
San Diego Dolphins batting - Pitching for Bar Harbor Islanders : LHP Brock Luger
Now at 3B: Tim McClure
Now at SS: Zoltan Levchin
Now in LF: Andy Mandeville
Batting: RHB Collin Murphy 0-0: Ball
1-0: Ball
2-0: Ball
3-0: Ground out 5-3 (Groundball, 56, EV 106.9 MPH)
Batting: RHB Hunter Cooper 0-0: Ball
1-0: Foul Ball, location: 2F
1-1: Called Strike
1-2: Strikes out looking
Batting: RHB John Williams 0-0: Foul Ball, location: 2F
0-1: Swinging Strike
0-2: Ball
1-2: Foul Ball, location: 2F
1-2: Strikes out swinging
Bottom of the 7th over - 0 runs, 0 hits, 0 errors, 0 left on base; Bar Harbor 7 - San Diego 3
TOP OF THE 8TH
Bar Harbor Islanders batting - Pitching for San Diego Dolphins : RHP Caron Diaz
Batting: LHB Gibson Frantz 0-0: Called Strike
0-1: Swinging Strike
0-2: Strikes out swinging
Batting: SHB Art Villani 0-0: Called Strike
0-1: Ball
1-1: Ball
2-1: Ball
3-1: Fly out, F7 (Flyball, 7D, EV 103.1 MPH)
Batting: RHB Jaxon King 0-0: Called Strike
0-1: Called Strike
0-2: DOUBLE (Line Drive, 78D, EV 106.2 MPH)
Pitching: RHP Kendell Avinov
Batting: RHB Gaven Robinson 0-0: Ball
1-0: DOUBLE (Line Drive, 7LD, EV 106.9 MPH)
Jaxon King scores
Batting: RHB Tim McClure 0-0: Ball
1-0: Ball
2-0: Fly out, F7 (Line Drive, 7D, EV 89.4 MPH)
Top of the 8th over - 1 run, 2 hits, 0 errors, 1 left on base; Bar Harbor 8 - San Diego 3
BOTTOM OF THE 8TH
San Diego Dolphins batting - Pitching for Bar Harbor Islanders : LHP Brock Luger
Pitching: LHP Danny LaRosa
Batting: LHB Furman Auerbach 0-0: Ground out 6-3 (Groundball, 6MS, EV 85.6 MPH)
Batting: RHB Gage Haislip 0-0: Called Strike
0-1: Foul Ball, location: 2F
0-2: Ball
1-2: Strikes out swinging
Batting: LHB Randall Darby 0-0: Ball
1-0: Foul Ball, location: 2F
1-1: Ball
2-1: Ball
3-1: Foul Ball, location: 2F
3-2: DOUBLE (Line Drive, 7LD, EV 99.4 MPH)
Batting: RHB Keyshawn Murata 0-0: Ball
1-0: Ball
2-0: DOUBLE (Line Drive, 8RXD, EV 107.5 MPH)
Randall Darby scores
Batting: LHB Darik Colvin 0-0: Ball
1-0: Ball
2-0: Ball
3-0: Foul Ball, location: 2F
3-1: Foul Ball, location: 2F
3-2: Ground out 4-3 (Groundball, 4, EV 86.9 MPH)
Bottom of the 8th over - 1 run, 2 hits, 0 errors, 1 left on base; Bar Harbor 8 - San Diego 4
TOP OF THE 9TH
Bar Harbor Islanders batting - Pitching for San Diego Dolphins : RHP Kendell Avinov
Pitching: LHP Kyle Casey
Batting: RHB Liam Walker 0-0: Swinging Strike
0-1: Ball
1-1: Foul Ball, location: 2F
1-2: Ball
2-2: Fly out, F3 (Line Drive, 3, EV 66.2 MPH)
Batting: RHB Chance Maki 0-0: Ball
1-0: Ball
2-0: Ball
3-0: Foul Ball, location: 2F
3-1: Called Strike
3-2: Fly out, F8 (Flyball, 89D, EV 91.9 MPH)
Batting: RHB Andy Mandeville 0-0: Called Strike
0-1: Swinging Strike
0-2: Ball
1-2: Ball
2-2: Strikes out swinging
Top of the 9th over - 0 runs, 0 hits, 0 errors, 0 left on base; Bar Harbor 8 - San Diego 4
BOTTOM OF THE 9TH
San Diego Dolphins batting - Pitching for Bar Harbor Islanders : LHP Danny LaRosa
Batting: RHB Blake Glover 0-0: Called Strike
0-1: Ball
1-1: Swinging Strike
1-2: Fly out, F9 (Line Drive, 9LM, EV 106.2 MPH)
Batting: RHB Collin Murphy 0-0: Ball
1-0: Ground out 4-3 (Groundball, 4M, EV 107.5 MPH)
Batting: RHB Hunter Cooper 0-0: Called Strike
0-1: Ball
1-1: Ball
2-1: Called Strike
2-2: Foul Ball, location: 2F
2-2: Fly out, F7 (Flyball, 7S, EV 92.5 MPH)
Bottom of the 9th over - 0 runs, 0 hits, 0 errors, 0 left on base; Bar Harbor 8 - San Diego 4
Friday, March 29th , 2024 - OOTP Baseball 23.10 Build 110